Map: Rafa otchłani ER

Players

volvix

  • Race: Protoss Protoss
  • Spawn Location: 5:00

SI 1 (Bardzo trudna) - Winner!

  • Race: Terran Terran
  • Spawn Location: 11:00

VOD

Have the link to the VOD?

Description

Time

  • Played on: June 9, 2023, 8:18 p.m.
  • Length: 3:04
Show
View Real Time Build Order
Export as new Build Order

volvix Protoss 

Build Orders:  

Get SALT Encoding   

  12  0:00  Probe (Chrono Boost)  
  13  0:12  Probe (Chrono Boost)  
  14  0:19  Pylon  
  14  0:20  Probe (Chrono Boost)  
  15  0:29  Assimilator  
  15  0:37  Probe  
  16  0:46  Gateway  
  16  0:49  Probe  
  17  0:57  Assimilator  
  17  1:01  Probe (Chrono Boost)  
  18  1:14  Probe (Chrono Boost)  
  19  1:18  Probe (Chrono Boost)  
  20  1:28  Probe  
  21  1:36  Cybernetics Core, Pylon  
  21  1:41  Probe  
  22  1:53  Probe  
  23  2:05  Probe  
  24  2:15  Adept (Chrono Boost)  
  24  2:18  Stargate, Probe  
  27  2:30  Probe  
  28  2:42  Nexus  
  30  2:49  Probe  
Show
View Real Time Build Order
Export as new Build Order

SI 1 (Bardzo trudna) Terran - Winner!

Build Orders:  

Get SALT Encoding   

  12  0:00  SCV  
  13  0:13  SCV  
  14  0:18  Supply Depot  
  14  0:25  SCV  
  15  0:40  SCV  
  16  0:43  Barracks  
  16  0:52  SCV  
  17  1:04  SCV  
  18  1:16  SCV  
  18  1:17  Supply Depot  
  19  1:21  Refinery  
  19  1:28  SCV  
  19  1:31  Marine  
  21  1:40  SCV  
  22  1:49  Marine  
  22  1:51  Barracks  
  22  1:52  SCV  
  24  1:55  Refinery  
  24  2:03  Supply Depot  
  24  2:05  Orbital Command  
  24  2:07  Marine  
  25  2:25  Marine  
  26  2:31  SCV  
  27  2:40  Command Center  
  27  2:43  SCV, Marine  
  29  2:59  Engineering Bay  
Tags
 
Add a new tag
Caveats
  • Supply blocks, unpowered buildings, or Contaminate may cause inaccurate times.
  • Supply counts are checked every 10 seconds.